TOP OF THE 1ST |
Portland Sea Dogs batting - Pitching for Birmingham Barons : RHP Dave Espinoza
|
Pitching: RHP Dave Espinoza
|
|
Batting: RHB Matt Hinkle
|
0-0: Ball 1-0: Ball 2-0: Called Strike 2-1: Foul Ball, location: 2F 2-2: Foul Ball, location: 2F 2-2: Foul Ball, location: 2F 2-2: Strikes out looking
|
Batting: LHB Julian Toney
|
0-0: Called Strike 0-1: Fly out, F8 (Line Drive, 8RM, EV 97.5 MPH)
|
Batting: RHB Jose Diaz
|
0-0: Ball 1-0: Ground out 4-3 (Groundball, 34, EV 96.9 MPH)
|
Top of the 1st over - 0 runs, 0 hits, 0 errors, 0 left on base; Portland 0 - Birmingham 0 |
BOTTOM OF THE 1ST |
Birmingham Barons batting - Pitching for Portland Sea Dogs : LHP John Hotham
|
Pitching: LHP John Hotham
|
|
Batting: RHB Jeremy Hoffert
|
0-0: Ball 1-0: Bunt missed! 1-1: Ball 2-1: Called Strike 2-2: Ball 3-2: Foul Ball, location: 2F 3-2: Base on Balls
|
Batting: LHB Carlos Ramirez
|
0-0: Called Strike Jeremy Hoffert steals 2nd base 0-1: Ball 1-1: Swinging Strike 1-2: Foul Ball, location: 2F 1-2: Foul Ball, location: 2F 1-2: Foul Ball, location: 2F 1-2: Ball 2-2: Strikes out looking
|
Batting: RHB Toichiro Fujimoto
|
0-0: Called Strike Jeremy Hoffert steals 3rd base 0-1: Ball 1-1: Called Strike 1-2: Ground out 6-3 (Groundball, 6S, EV 93.8 MPH) Jeremy Hoffert scores
|
Batting: LHB Ryan Dyal
|
0-0: Called Strike 0-1: Ball 1-1: Ground out U3 (Groundball, 34, EV 86.2 MPH)
|
Bottom of the 1st over - 1 run, 0 hits, 0 errors, 0 left on base; Portland 0 - Birmingham 1 |
TOP OF THE 2ND |
Portland Sea Dogs batting - Pitching for Birmingham Barons : RHP Dave Espinoza
|
Batting: LHB Jarrett Mordecai
|
0-0: Foul Ball, location: 2F 0-1: Ball 1-1: Ball 2-1: Ground out 4-3 (Groundball, 4D, EV 110.0 MPH)
|
Batting: RHB John Chiesa
|
0-0: Foul Ball, location: 2F 0-1: Foul Ball, location: 2F 0-2: Foul Ball, location: 2F 0-2: Ball 1-2: Foul Ball, location: 2F 1-2: Foul Ball, location: 2F 1-2: Ground out 4-3 (Groundball, 4, EV 85.6 MPH)
|
Batting: LHB Noel Young
|
0-0: Called Strike 0-1: Ball 1-1: Ball 2-1: Ball 3-1: Ground out U3 (Groundball, 3, EV 81.2 MPH)
|
Top of the 2nd over - 0 runs, 0 hits, 0 errors, 0 left on base; Portland 0 - Birmingham 1 |
BOTTOM OF THE 2ND |
Birmingham Barons batting - Pitching for Portland Sea Dogs : LHP John Hotham
|
Batting: RHB Santos Guadalupe
|
0-0: Called Strike 0-1: Ground out 5-3 (Groundball, 56, EV 108.8 MPH)
|
Batting: LHB Herkko Haavikko
|
0-0: Ball 1-0: Foul Ball, location: 2F 1-1: Swinging Strike 1-2: Foul Ball, location: 2F 1-2: Foul Ball, location: 2F 1-2: Fly out, F9 (Flyball, 9D, EV 102.5 MPH)
|
Batting: LHB Brandon Hopper
|
0-0: Ball 1-0: Fly out, F7 (Flyball, 7D, EV 106.2 MPH)
|
Bottom of the 2nd over - 0 runs, 0 hits, 0 errors, 0 left on base; Portland 0 - Birmingham 1 |
TOP OF THE 3RD |
Portland Sea Dogs batting - Pitching for Birmingham Barons : RHP Dave Espinoza
|
Batting: RHB Tommy Boudreaux
|
0-0: Ball 1-0: Ball 2-0: SINGLE (Groundball, 6MD, EV 103.1 MPH)
|
Batting: RHB Frank Sokolosky
|
0-0: Foul Ball, location: 2F 0-1: Ball 1-1: Ball 2-1: Ball 3-1: Fly out, F2 (Popup, 25F, EV 85.0 MPH)
|
Batting: RHB Nick Cottrell
|
0-0: Ball 1-0: Ball 2-0: Foul Ball, location: 2F 2-1: Foul Ball, location: 2F 2-2: Ball 3-2: Base on Balls Tommy Boudreaux to second
|
Batting: RHB Matt Hinkle
|
0-0: SINGLE (Groundball, 6S, EV 70.0 MPH) (infield hit) Tommy Boudreaux to third Nick Cottrell to second
|
Batting: LHB Julian Toney
|
0-0: Ball 1-0: Ball 2-0: Ball 3-0: Called Strike 3-1: Base on Balls Tommy Boudreaux scores Nick Cottrell to third Matt Hinkle to second
|
Batting: RHB Jose Diaz
|
0-0: Ball 1-0: Fielders Choice at 2nd, 6-4 (Groundball, 6, EV 107.5 MPH) Nick Cottrell scores Matt Hinkle to third
|
Batting: LHB Jarrett Mordecai
|
0-0: Ball 1-0: Ball 2-0: Called Strike 2-1: DOUBLE (Line Drive, 8LXD, EV 106.9 MPH) Matt Hinkle scores Jose Diaz to third
|
Batting: RHB John Chiesa
|
0-0: Swinging Strike 0-1: Swinging Strike 0-2: Ball Passed Ball! Jose Diaz scores Jarrett Mordecai to third 1-2: Ball 2-2: Foul Ball, location: 2F 2-2: Strikes out swinging
|
Top of the 3rd over - 4 runs, 3 hits, 0 errors, 1 left on base; Portland 4 - Birmingham 1 |
BOTTOM OF THE 3RD |
Birmingham Barons batting - Pitching for Portland Sea Dogs : LHP John Hotham
|
Batting: LHB Jose Duran
|
0-0: Ball 1-0: Fly out, F5 (Line Drive, 56, EV 71.2 MPH)
|
Batting: RHB Chris Simmons
|
0-0: Called Strike 0-1: Swinging Strike 0-2: Ball 1-2: Strikes out swinging
|
Batting: RHB Jeremy Hoffert
|
0-0: Ball 1-0: Foul Ball, location: 2F 1-1: Ground out 4-3 (Groundball, 4, EV 89.4 MPH)
|
Bottom of the 3rd over - 0 runs, 0 hits, 0 errors, 0 left on base; Portland 4 - Birmingham 1 |
TOP OF THE 4TH |
Portland Sea Dogs batting - Pitching for Birmingham Barons : RHP Dave Espinoza
|
Batting: LHB Noel Young
|
0-0: Ball 1-0: Ball 2-0: SINGLE (Line Drive, 6M, EV 104.4 MPH)
|
Batting: RHB Tommy Boudreaux
|
0-0: Foul Ball, location: 2F 0-1: Foul Ball, location: 2F 0-2: Foul Ball, location: 2F 0-2: DOUBLE (Line Drive, 9LS, EV 98.8 MPH) Noel Young to third
|
Batting: RHB Frank Sokolosky
|
0-0: SINGLE (Groundball, 34, EV 96.9 MPH) Noel Young scores Tommy Boudreaux to third
|
Pitching: LHP Zach Fields
|
|
Batting: RHB Nick Cottrell
|
0-0: Ball 1-0: Called Strike 1-1: Ball 2-1: Grounds into double play, 4-6-3 (Groundball, 4M, EV 86.9 MPH) Tommy Boudreaux scores
|
Batting: RHB Matt Hinkle
|
0-0: Called Strike 0-1: Ground out 5-3 (Groundball, 56, EV 106.2 MPH)
|
Top of the 4th over - 2 runs, 3 hits, 0 errors, 0 left on base; Portland 6 - Birmingham 1 |
BOTTOM OF THE 4TH |
Birmingham Barons batting - Pitching for Portland Sea Dogs : LHP John Hotham
|
Batting: LHB Carlos Ramirez
|
0-0: Called Strike 0-1: Swinging Strike 0-2: Fly out, F8 (Flyball, 8RD, EV 98.1 MPH)
|
Batting: RHB Toichiro Fujimoto
|
0-0: Ball 1-0: Ground out U3 (Groundball, 13, EV 83.1 MPH)
|
Batting: LHB Ryan Dyal
|
0-0: Ball 1-0: Called Strike 1-1: Ball 2-1: Swinging Strike 2-2: Ground out 1-3 (Groundball, 15S, EV 62.5 MPH)
|
Bottom of the 4th over - 0 runs, 0 hits, 0 errors, 0 left on base; Portland 6 - Birmingham 1 |
TOP OF THE 5TH |
Portland Sea Dogs batting - Pitching for Birmingham Barons : LHP Zach Fields
|
Batting: LHB Julian Toney
|
0-0: Foul Ball, location: 2F 0-1: Swinging Strike 0-2: SINGLE (Line Drive, 3D, EV 96.2 MPH)
|
Batting: RHB Jose Diaz
|
0-0: Ball 1-0: Foul Ball, location: 2F 1-1: Ball 2-1: Ball 3-1: Called Strike 3-2: Foul Ball, location: 2F 3-2: Foul Ball, location: 2F 3-2: Fly out, F8 (Flyball, 8LM, EV 87.5 MPH)
|
Batting: LHB Jarrett Mordecai
|
0-0: Called Strike Julian Toney is caught stealing 2nd base 2-6 0-1: Ball 1-1: Ground out 4-3 (Groundball, 4, EV 91.9 MPH)
|
Top of the 5th over - 0 runs, 1 hit, 0 errors, 0 left on base; Portland 6 - Birmingham 1 |
BOTTOM OF THE 5TH |
Birmingham Barons batting - Pitching for Portland Sea Dogs : LHP John Hotham
|
Batting: RHB Santos Guadalupe
|
0-0: Called Strike 0-1: Foul Ball, location: 2F 0-2: Ground out 6-3 (Groundball, 6M, EV 108.8 MPH)
|
Batting: LHB Herkko Haavikko
|
0-0: Called Strike 0-1: Called Strike 0-2: Ball 1-2: Ball 2-2: Ball 3-2: Ground out 4-3 (Groundball, 34D, EV 81.9 MPH)
|
Batting: LHB Brandon Hopper
|
0-0: Called Strike 0-1: Ball 1-1: Called Strike 1-2: Foul Ball, location: 2F 1-2: Strikes out swinging
|
Bottom of the 5th over - 0 runs, 0 hits, 0 errors, 0 left on base; Portland 6 - Birmingham 1 |
TOP OF THE 6TH |
Portland Sea Dogs batting - Pitching for Birmingham Barons : LHP Zach Fields
|
Batting: RHB John Chiesa
|
0-0: Ball 1-0: Ball 2-0: Fly out, F8 (Flyball, 8RS, EV 77.5 MPH)
|
Batting: LHB Noel Young
|
0-0: Ball 1-0: Ball 2-0: Called Strike 2-1: Ball 3-1: Ground out 4-3 (Groundball, 4, EV 90.0 MPH)
|
Batting: RHB Tommy Boudreaux
|
0-0: Ball 1-0: Called Strike 1-1: Foul Ball, location: 2F 1-2: Foul Ball, location: 2F 1-2: Ground out 6-3 (Groundball, 56, EV 100.0 MPH)
|
Top of the 6th over - 0 runs, 0 hits, 0 errors, 0 left on base; Portland 6 - Birmingham 1 |
BOTTOM OF THE 6TH |
Birmingham Barons batting - Pitching for Portland Sea Dogs : LHP John Hotham
|
Batting: LHB Jose Duran
|
0-0: Called Strike 0-1: Foul Ball, location: 2F 0-2: Strikes out swinging
|
Batting: RHB Chris Simmons
|
0-0: Called Strike 0-1: SINGLE (Groundball, 6MD, EV 106.2 MPH)
|
Batting: RHB Jeremy Hoffert
|
0-0: Called Strike 0-1: Swinging Strike 0-2: Ball 1-2: Ball 2-2: Ball 3-2: Fly out, F9 (Flyball, 9LM, EV 86.2 MPH)
|
Batting: LHB Carlos Ramirez
|
0-0: Called Strike 0-1: Swinging Strike 0-2: Ball 1-2: Strikes out swinging
|
Bottom of the 6th over - 0 runs, 1 hit, 0 errors, 1 left on base; Portland 6 - Birmingham 1 |
TOP OF THE 7TH |
Portland Sea Dogs batting - Pitching for Birmingham Barons : LHP Zach Fields
|
Batting: RHB Frank Sokolosky
|
0-0: Swinging Strike 0-1: Foul Ball, location: 2F 0-2: Foul Ball, location: 2F 0-2: Ball 1-2: Foul Ball, location: 2F 1-2: Foul Ball, location: 2F 1-2: Ball 2-2: SINGLE (Groundball, 4MD, EV 100.6 MPH)
|
Batting: RHB Nick Cottrell
|
0-0: Ball 1-0: Ball 2-0: Called Strike 2-1: Called Strike 2-2: Strikes out looking
|
Pitching: LHP Juan Medrano
|
|
Batting: RHB Matt Hinkle
|
0-0: Foul Ball, location: 2F 0-1: Swinging Strike Pickoff Throw by Catcher to First - Out! 0-2: SOLO HOME RUN (Flyball, 7D, EV 97.5 MPH), Distance : 372 ft
|
Batting: LHB Julian Toney
|
0-0: Fly out, F9 (Flyball, 89XD, EV 86.2 MPH)
|
Top of the 7th over - 1 run, 2 hits, 0 errors, 0 left on base; Portland 7 - Birmingham 1 |
BOTTOM OF THE 7TH |
Birmingham Barons batting - Pitching for Portland Sea Dogs : LHP John Hotham
|
Batting: RHB Toichiro Fujimoto
|
0-0: Fly out, F6 (Popup, 6S, EV 69.4 MPH)
|
Batting: LHB Ryan Dyal
|
0-0: Ball 1-0: Ball 2-0: Ball 3-0: Base on Balls
|
Batting: RHB Santos Guadalupe
|
0-0: Ball 1-0: Ground out 6-3 (Groundball, 6MD, EV 76.2 MPH) Ryan Dyal to second
|
Batting: LHB Herkko Haavikko
|
0-0: Ball 1-0: Fly out, F7 (Flyball, 7, EV 90.6 MPH)
|
Bottom of the 7th over - 0 runs, 0 hits, 0 errors, 1 left on base; Portland 7 - Birmingham 1 |
TOP OF THE 8TH |
Portland Sea Dogs batting - Pitching for Birmingham Barons : LHP Juan Medrano
|
Batting: RHB Jose Diaz
|
0-0: Ball 1-0: Called Strike 1-1: Foul Ball, location: 2F 1-2: SINGLE (Line Drive, 7S, EV 95.6 MPH)
|
Batting: LHB Jarrett Mordecai
|
0-0: Ball 1-0: Fly out, F8 (Flyball, 8RM, EV 87.5 MPH)
|
Batting: RHB John Chiesa
|
0-0: Ball 1-0: Called Strike 1-1: Ball 2-1: Swinging Strike 2-2: Ground out 5-3 (Groundball, 5S, EV 73.1 MPH) Jose Diaz to second
|
Batting: LHB Noel Young
|
0-0: Ball 1-0: Ball Wild Pitch! Jose Diaz to third 2-0: Foul Ball, location: 2F 2-1: Foul Ball, location: 2F 2-2: Ball 3-2: Foul Ball, location: 2F 3-2: Fly out, F7 (Flyball, 7, EV 83.1 MPH)
|
Top of the 8th over - 0 runs, 1 hit, 0 errors, 1 left on base; Portland 7 - Birmingham 1 |
BOTTOM OF THE 8TH |
Birmingham Barons batting - Pitching for Portland Sea Dogs : LHP John Hotham
|
Batting: LHB Brandon Hopper
|
0-0: Called Strike 0-1: Ball 1-1: SINGLE (Line Drive, 56, EV 103.1 MPH)
|
Pitching: LHP Ken Intagliata
|
|
Pinch Hitting: RHB Guillermo Mojica
|
0-0: Called Strike 0-1: Ball 1-1: Ball 2-1: Ball 3-1: Ground out 4-3 (Groundball, 34, EV 100.6 MPH) Brandon Hopper to second
|
Batting: RHB Chris Simmons
|
0-0: Ball 1-0: Ground out 1-3 (Groundball, 13S, EV 66.9 MPH) Brandon Hopper to third
|
Batting: RHB Jeremy Hoffert
|
0-0: Ground out 4-3 (Groundball, 4, EV 83.1 MPH)
|
Bottom of the 8th over - 0 runs, 1 hit, 0 errors, 1 left on base; Portland 7 - Birmingham 1 |
TOP OF THE 9TH |
Portland Sea Dogs batting - Pitching for Birmingham Barons : LHP Juan Medrano
|
Now at 2B: Guillermo Mojica
|
|
Batting: RHB Tommy Boudreaux
|
0-0: Called Strike 0-1: Ball 1-1: Ball 2-1: Swinging Strike 2-2: Ball 3-2: Foul Ball, location: 2F 3-2: Base on Balls
|
Batting: RHB Frank Sokolosky
|
0-0: Foul Ball, location: 2F 0-1: Ball 1-1: Called Strike 1-2: Ball 2-2: Foul Ball, location: 2F 2-2: SINGLE (Popup, 3S, EV 83.1 MPH) Tommy Boudreaux to second
|
Batting: RHB Nick Cottrell
|
0-0: SINGLE (Line Drive, 56D, EV 100.0 MPH) Tommy Boudreaux to third Frank Sokolosky to second
|
Batting: RHB Matt Hinkle
|
0-0: Fly out, F7 (Line Drive, 7D, EV 89.4 MPH)
|
Batting: LHB Julian Toney
|
0-0: Ball 1-0: Ball 2-0: Called Strike 2-1: Foul Ball, location: 2F 2-2: Reached on error, E3 (Groundball, 3S, EV 85.6 MPH) Tommy Boudreaux scores Frank Sokolosky to third Nick Cottrell to second
|
Pinch Hitting: RHB Mike Cavagnaro
|
0-0: Ball 1-0: Ground out 5-3 (Groundball, 5S, EV 65.6 MPH) Frank Sokolosky scores Nick Cottrell to third Julian Toney to second
|
Pinch Hitting: LHB Stanislav Parusov
|
0-0: Called Strike 0-1: Ball 1-1: Foul Ball, location: 2F 1-2: Ground out U3 (Groundball, 3, EV 83.8 MPH)
|
Top of the 9th over - 2 runs, 2 hits, 1 error, 2 left on base; Portland 9 - Birmingham 1 |
BOTTOM OF THE 9TH |
Birmingham Barons batting - Pitching for Portland Sea Dogs : LHP Ken Intagliata
|
Now at C: Mike Cavagnaro
|
|
Now at 1B: Carlos Nolasco
|
|
Batting: LHB Carlos Ramirez
|
0-0: Ball 1-0: Foul Ball, location: 2F 1-1: SINGLE (Flyball, 8RS, EV 90.6 MPH)
|
Batting: RHB Toichiro Fujimoto
|
0-0: Called Strike 0-1: Called Strike 0-2: Foul Ball, location: 2F 0-2: Foul Ball, location: 2F 0-2: Ball 1-2: SINGLE (Line Drive, 7S, EV 89.4 MPH) Carlos Ramirez to second
|
Batting: LHB Ryan Dyal
|
0-0: Fly out, F8 (Flyball, 8RM, EV 91.2 MPH)
|
Batting: RHB Santos Guadalupe
|
0-0: Called Strike 0-1: Swinging Strike 0-2: Ball 1-2: Foul Ball, location: 2F 1-2: Ball 2-2: Strikes out swinging
|
Pinch Hitting: RHB Peter Croston
|
0-0: Called Strike 0-1: Ball 1-1: Called Strike 1-2: Strikes out swinging
|
Bottom of the 9th over - 0 runs, 2 hits, 0 errors, 2 left on base; Portland 9 - Birmingham 1 |
|